Map: [ESL] Goldenaura

Players

Nice - Winner!

  • Race: Protoss Protoss
  • Spawn Location: 12:00

MeomaikA

  • Race: Zerg Zerg
  • Spawn Location: 5:00

Event: ESL SC2 Masters 2023 Winter (Regional)

VOD

Have the link to the VOD?

Description

Time

  • Played on: Nov. 2, 2023, 8:28 a.m.
  • Length: 16:01
Show
View Real Time Build Order
Export as new Build Order

Nice Protoss - Winner!

Build Orders: 1 Gate Expand, Oracle Opening 

Get SALT Encoding   

  12  0:00  Probe  
  13  0:12  Probe  
  14  0:19  Pylon  
  14  0:24  Probe  
  15  0:37  Probe (Chrono Boost)  
  15  0:38  Gateway  
  16  0:48  Assimilator, Probe (Chrono Boost)  
  17  0:53  Probe (Chrono Boost)  
  18  1:03  Probe  
  19  1:15  Probe  
  20  1:24  Nexus  
  20  1:35  Cybernetics Core  
  20  1:39  Assimilator  
  20  1:42  Probe  
  21  1:50  Pylon  
  21  1:54  Probe  
  22  2:04  Probe  
  23  2:08  Adept (Chrono Boost)  
  23  2:12  Probe  
  25  2:19  Stargate  
  25  2:20  Probe  
  26  2:31  Adept  
  26  2:32  Warp Gate  
  26  2:36  Probe x2 (Chrono Boost)  
  30  2:48  Probe (Chrono Boost)  
  30  2:50  Probe (Chrono Boost)  
  32  2:53  Gateway, Probe (Chrono Boost)  
  33  3:00  Probe  
  33  3:02  Oracle (Chrono Boost)  
  37  3:07  Probe  
  38  3:14  Probe  
  38  3:19  Probe  
  40  3:23  Pylon  
  40  3:26  Probe  
  41  3:30  Oracle (Chrono Boost)  
  41  3:32  Probe  
  45  3:38  Probe  
  45  3:40  Gateway  
  46  3:44  Probe  
  46  3:45  Pylon  
  47  3:50  Probe  
  48  3:56  Probe  
  48  4:00  Oracle (Chrono Boost)  
  48  4:01  Assimilator  
  48  4:02  Probe  
  53  4:03  Assimilator  
  53  4:08  Probe  
  54  4:12  Pylon  
  54  4:19  Robotics Facility  
  54  4:20  Probe x2  
  56  4:28  Adept x2  
  56  4:31  Shield Battery  
  60  4:32  Probe x2  
  60  4:37  Oracle (Chrono Boost), Forge  
  62  4:44  Probe x2  
  67  5:06  Gateway  
  67  5:08  Gateway  
  67  5:10  Gateway, Adept  
  69  5:21  Protoss Ground Weapons Level 1, Pylon  
  69  5:23  Immortal (Chrono Boost)  
  69  5:24  Twilight Council  
  69  5:28  Sentry  
  69  5:52  Immortal (Chrono Boost)  
  73  5:57  Blink (Chrono Boost), Pylon  
  73  5:58  Pylon  
  73  5:59  Sentry, Pylon  
  73  6:01  Pylon  
  75  6:05  Zealot  
  75  6:07  Pylon  
  75  6:09  Pylon  
  77  6:15  Robotics Bay  
  77  6:20  Photon Cannon, Shield Battery  
  77  6:24  Observer  
  78  6:45  Zealot x3, Stalker x2, Pylon  
  78  6:46  Stalker  
  90  6:58  Colossus (Chrono Boost)  
  90  6:59  Nexus  
  90  7:00  Pylon  
  90  7:03  Probe  
  90  7:04  Probe  
  90  7:07  Extended Thermal Lance  
  98  7:09  Zealot  
  100  7:15  Probe  
  100  7:17  Probe  
  100  7:18  Observer  
  100  7:22  Shield Battery  
  102  7:28  Probe  
  104  7:30  Probe  
  104  7:37  Nexus  
  104  7:38  Templar Archives  
  104  7:40  Probe  
  104  7:42  Colossus (Chrono Boost), Probe  
  112  7:52  Probe  
  112  7:54  Probe  
  114  7:59  Assimilator  
  114  8:00  Assimilator  
  114  8:02  Pylon  
  114  8:04  Probe  
  113  8:06  Probe  
  113  8:10  Psionic Storm  
  111  8:16  Charge (Chrono Boost), Probe  
  111  8:17  Pylon  
  111  8:18  Probe  
  113  8:28  Probe  
  113  8:29  High Templar  
  113  8:30  Zealot x3, Probe  
  113  8:32  Shield Battery  
  123  8:40  Probe  
  122  8:45  High Templar, Zealot  
  126  8:52  High Templar  
  125  9:02  Pylon  
  122  9:04  Photon Cannon  
  122  9:09  Photon Cannon  
  122  9:10  Disruptor, Shield Battery  
  126  9:21  High Templar x2  
  130  9:36  Photon Cannon  
  130  9:39  Disruptor (Chrono Boost)  
  130  9:40  Photon Cannon  
  130  9:42  Shield Battery  
  130  9:44  Observer  
  130  9:45  Robotics Facility  
  130  9:47  Gateway  
  130  9:49  Gateway  
  130  9:50  High Templar, Zealot x3  
  142  9:53  Pylon  
  142  10:00  Nexus  
  143  10:07  Probe x3  
  143  10:10  Gravitic Boosters  
  143  10:13  Immortal (Chrono Boost)  
  145  10:19  Probe x2  
  151  10:22  Photon Cannon  
  151  10:25  Shield Battery  
  151  10:26  Probe  
  151  10:28  Assimilator  
  152  10:31  Assimilator, Probe  
  153  10:41  Fleet Beacon  
  153  10:44  Stargate  
  153  10:45  Stargate, Shield Battery, Probe  
  153  10:47  Shield Battery  
  154  10:50  Pylon  
  149  10:58  Disruptor  
  149  11:01  Oracle  
  156  11:06  Pylon  
  156  11:07  Pylon  
  156  11:08  Protoss Air Weapons Level 1 (Chrono Boost), Pylon  
  156  11:18  Immortal  
  160  11:23  High Templar x2  
  164  11:27  Protoss Ground Weapons Level 2 (Chrono Boost)  
  163  11:50  Pylon  
  163  11:51  Pylon  
  164  11:57  Tempest x2 (Chrono Boost)  
  167  12:07  Tempest (Chrono Boost)  
  167  12:12  Zealot x3, Immortal x2  
  167  12:13  Zealot x3  
  185  12:20  Photon Cannon  
  185  12:23  Shield Battery  
  185  12:26  High Templar  
  187  12:30  Archon  
  187  12:35  Forge  
  187  12:36  Carrier (Chrono Boost)  
  191  12:39  Cybernetics Core  
  191  12:42  Photon Cannon  
  191  12:46  Shield Battery  
  197  13:00  Mothership (Chrono Boost)  
  193  13:18  Protoss Shields Level 1  
  199  13:21  Protoss Air Weapons Level 2 (Chrono Boost)  
  199  13:26  Carrier (Chrono Boost)  
  199  13:27  Carrier (Chrono Boost)  
  199  13:30  Nexus  
  199  13:31  Pylon  
  197  13:38  Unknown  
  187  13:44  Assimilator, Probe x3  
  187  13:46  Carrier (Chrono Boost)  
  187  13:48  Assimilator  
  190  13:50  Protoss Air Armor Level 1 (Chrono Boost)  
  190  13:52  Pylon  
  194  13:56  Probe  
  190  14:17  Observer  
  190  14:21  Carrier  
  197  14:26  Nexus  
  197  14:27  Pylon  
  195  14:32  Assimilator  
  195  14:42  Shield Battery  
  195  14:43  Shield Battery  
  195  14:45  Shield Battery  
  195  14:49  Photon Cannon  
  195  14:51  Photon Cannon  
  195  14:52  Void Ray  
  199  15:05  Observer  
  190  15:25  Stalker x3  
  190  15:26  Stalker x4  
  191  15:50  Zealot x4  
Show
View Real Time Build Order
Export as new Build Order

MeomaikA Zerg 

Build Orders: Pool First 

Get SALT Encoding   

  12  0:00  Drone  
  13  0:12  Overlord  
  13  0:16  Drone  
  14  0:30  Drone x2  
  14  0:34  Drone  
  17  0:44  Spawning Pool  
  17  0:48  Drone  
  17  1:08  Hatchery  
  17  1:11  Drone  
  17  1:12  Extractor  
  17  1:16  Drone  
  17  1:20  Drone  
  18  1:30  Queen  
  20  1:34  Drone  
  21  1:41  Overlord  
  21  1:49  Drone  
  22  1:59  Drone  
  23  2:06  Queen  
  25  2:15  Drone, Metabolic Boost  
  26  2:19  Drone  
  27  2:25  Drone  
  28  2:31  Zergling x2  
  29  2:38  Zergling x2  
  29  2:39  Hatchery  
  29  2:41  Zergling x2  
  29  2:44  Drone  
  31  2:46  Zergling x2  
  31  2:49  Drone  
  33  2:53  Spore Crawler  
  33  2:56  Drone  
  33  2:59  Drone  
  33  3:01  Drone  
  35  3:06  Spore Crawler  
  35  3:10  Drone  
  35  3:11  Drone  
  36  3:19  Lair  
  36  3:21  Extractor  
  36  3:24  Drone  
  36  3:34  Overlord  
  36  3:38  Overlord  
  36  3:52  Zergling x8  
  36  3:53  Zergling x12  
  46  4:02  Drone  
  47  4:10  Queen  
  47  4:12  Drone x2  
  47  4:13  Drone  
  52  4:26  Spore Crawler x2  
  52  4:27  Drone  
  52  4:30  Drone  
  52  4:32  Drone x3  
  52  4:33  Drone  
  52  4:37  Hydralisk Den  
  54  4:40  Drone  
  54  4:43  Drone  
  55  4:48  Drone  
  55  4:50  Drone  
  57  4:56  Spore Crawler  
  56  5:00  Drone x2  
  56  5:02  Overlord  
  58  5:07  Spore Crawler  
  58  5:12  Muscular Augments  
  56  5:22  Hydralisk x3  
  56  5:25  Drone x3  
  66  5:31  Overlord  
  66  5:32  Overlord  
  64  5:39  Hydralisk  
  64  5:40  Overlord  
  63  5:50  Drone  
  63  5:51  Drone, Hydralisk x3  
  63  5:54  Hydralisk  
  63  5:57  Drone  
  74  5:59  Hydralisk  
  74  6:00  Drone  
  74  6:03  Hydralisk  
  79  6:08  Overlord  
  79  6:14  Overlord  
  79  6:15  Drone x4  
  79  6:17  Extractor, Drone  
  83  6:19  Drone  
  83  6:20  Drone  
  85  6:26  Drone x3  
  85  6:29  Infestation Pit  
  82  6:40  Drone x2  
  84  6:48  Zergling x10  
  84  6:51  Drone  
  84  6:53  Hatchery  
  89  6:55  Overlord  
  89  6:59  Hydralisk, Overlord  
  91  7:05  Hive, Grooved Spines  
  91  7:09  Hydralisk  
  91  7:11  Hydralisk  
  95  7:15  Hydralisk  
  95  7:16  Hydralisk  
  96  7:31  Hydralisk x2  
  96  7:33  Zergling x10  
  96  7:35  Drone  
  96  7:36  Zergling x2, Drone  
  100  7:40  Extractor  
  99  7:47  Zergling x12  
  99  7:51  Zergling x2  
  106  7:55  Zergling x6  
  106  7:57  Overlord  
  106  7:58  Queen  
  107  8:18  Viper x2  
  113  8:20  Queen  
  113  8:22  Drone x10  
  113  8:25  Queen  
  113  8:27  Zergling x2  
  128  8:28  Zergling x2  
  128  8:30  Zergling x4  
  130  8:37  Evolution Chamber  
  130  8:38  Adrenal Glands  
  129  8:41  Drone  
  129  8:47  Queen  
  132  8:53  Overlord  
  132  8:57  Hydralisk x2  
  132  8:59  Overlord x3  
  136  9:10  Overlord x2  
  136  9:12  Zerg Melee Weapons Level 1  
  136  9:18  Hydralisk x2  
  136  9:19  Zergling x2  
  136  9:20  Zergling x2  
  138  9:27  Hatchery  
  138  9:30  Viper  
  141  9:31  Zergling x16  
  141  9:34  Zergling x2  
  141  9:37  Zergling x8  
  153  9:43  Zergling x10  
  158  9:46  Zergling x2  
  158  9:47  Zergling x2  
  160  9:59  Zergling x8  
  164  10:02  Zergling x2  
  164  10:04  Overlord  
  166  10:07  Zergling x6, Overseer  
  166  10:08  Ultralisk Cavern  
  166  10:11  Zergling x6  
  166  10:12  Zergling x2  
  166  10:13  Zergling x2  
  173  10:21  Zergling x8  
  176  10:42  Zergling x2  
  177  10:43  Zergling x22  
  177  10:45  Zergling x2  
  171  11:02  Chitinous Plating  
  171  11:03  Ultralisk x3  
  171  11:04  Zergling x14  
  189  11:05  Drone  
  196  11:11  Zergling x2  
  196  11:12  Zergling x2  
  195  11:28  Drone x5  
  195  11:31  Extractor  
  194  11:36  Zerg Melee Weapons Level 2  
  193  11:40  Evolution Chamber  
  193  11:41  Hatchery  
  190  12:03  Ultralisk  
  195  12:11  Zerg Ground Armor Level 1  
  192  12:17  Ultralisk  
  192  12:18  Zergling x2  
  192  12:19  Zergling x14  
  195  12:23  Zergling x6  
  179  13:24  Drone x7  
  179  13:25  Drone x4  
  185  13:27  Spore Crawler, Spine Crawler  
  185  13:28  Spine Crawler x2  
  185  13:29  Drone x3, Spine Crawler x2  
  185  13:31  Drone x2  
  185  13:32  Drone x7  
  184  13:36  Spine Crawler  
  184  13:37  Anabolic Synthesis, Spine Crawler  
  184  13:38  Zergling x2, Ultralisk x3, Spine Crawler  
  184  13:39  Zergling x4  
  190  14:07  Evolution Chamber  
  184  14:19  Zergling x24  
  192  14:47  Overlord  
  179  15:04  Hydralisk x11  
  189  15:09  Zergling x24  
  189  15:11  Zergling x4  
  189  15:12  Zergling x2  
  189  15:13  Zergling x2  
  198  15:14  Zergling x4  
  198  15:15  Zergling x2  
  182  15:24  Zergling x22  
  172  15:33  Zergling x22  
Tags
 
Add a new tag
Caveats
  • Supply blocks, unpowered buildings, or Contaminate may cause inaccurate times.
  • Supply counts are checked every 10 seconds.